 Dungeon Crawl Stone Soup version 0.25.1-1-g288607f5aa (webtiles) character file.

Game seed: 11882047553527853658

9 H0rd4k the Insei (level 2, -3/18 HPs)
             Began as an Octopode Transmuter on July 22, 2020.
             Slain by a kobold
             ... wielding a +0 short sword
              (7 damage)
             ... on level 1 of the Dungeon.
             The game lasted 00:00:33 (300 turns).

H0rd4k the Insei (Octopode Transmuter)               Turns: 300, Time: 00:00:34

Health: -3/18      AC:  1    Str:  9    XL:     2   Next: 16%
Magic:  5/5        EV: 13    Int: 15    God:
Gold:   23         SH:  0    Dex: 12    Spells: 2/5 levels left

rFire    . . .     SeeInvis .     - Unarmed
rCold    . . .     Gourm    .   (no shield)
rNeg     . . .     Faith    .   (helmet restricted)
rPois    .         Spirit   .   (no amulet)
rElec    .         Reflect  .   (no ring)
rCorr    .         Harm     .   (no ring)
MR       .....                  (no ring)
Stlth    ++........             (no ring)
HPRegen  0.06/turn              (no ring)
MPRegen  0.09/turn              (no ring)
                                (no ring)
                                (no ring)

@: no status effects
A: almost no armour, stealthy swim, amphibious, 8 rings, constrict 8, camouflage
1, gelatinous body 1
a: no special abilities


You were on level 1 of the Dungeon.
You were not hungry.

You visited 1 branch of the dungeon, and saw 1 of its levels.

You collected 23 gold pieces.

Inventory:

Missiles
 a - 12 arrows
Scrolls
 e - a scroll of fog {unknown}
 f - a scroll of enchant weapon {unknown}
 g - a scroll of enchant armour {unknown}
Potions
 d - a potion of stabbing {unknown}
Comestibles
 b - 3 chunks of flesh
 c - a ration


   Skills:
 + Level 1.0 Fighting
 + Level 2.0 Dodging
 + Level 0.3 Stealth
 + Level 3.3 Unarmed Combat
 + Level 2.1 Spellcasting
 + Level 2.1 Transmutations


You had 2 spell levels left.
You knew the following spells:

 Your Spells              Type           Power        Failure   Level  Hunger
a - Beastly Appendage     Tmut           #.....       9%          1    #......
b - Sticks to Snakes      Tmut           #.......     14%         2    ###....

Your spell library contained the following spells:

 Spells                   Type           Power        Failure   Level  Hunger
 Spider Form              Tmut/Pois      #.........   38%         3    ###....
 Ice Form                 Ice/Tmut       #.......     80%         4    #####..
 Blade Hands              Tmut           #.........   94%         5    ######.


Dungeon Overview and Level Annotations

Branches:
Dungeon (1/15)

Altars:


Innate Abilities, Weirdness & Mutations

You cannot wear most types of armour.
You are very stealthy in the water. (Stealth+)
You are amphibious.
You can wear up to eight rings at the same time.
You can use your tentacles to constrict eight enemies at once.
Your skin changes colour to match your surroundings (Stealth+).
Your rubbery body absorbs attacks. (AC +1, EV +1)


Message History

A kobold is nearby!
A kobold comes into view. It is wielding a +0 short sword.
The kobold shouts!
The kobold throws a stone.
The stone barely misses you.
Found 15 gold pieces and a scroll labeled MIEROU QEINEE.
The kobold shouts!
The kobold hits you with a +0 short sword.
You barely miss the kobold. You grab the kobold. You squeeze the kobold.
You kill the kobold!
The kobold throws a stone.
The stone misses you.
Things that are here:
a +0 short sword; a kobold corpse The kobold hits you with a +0 short sword!
You closely miss the kobold. Your grab misses the kobold.
The kobold hits you with a +0 short sword.
* * * LOW HITPOINT WARNING * * *
You tentacle-slap the kobold. Your grab misses the kobold.
The kobold is severely wounded.
The kobold hits you with a +0 short sword!
You die...

#......... ....... ....
+.........
.........##...###.....#...
.........#................
....$....#.?..............
#.........................
.........................
......K................. ..
#...@.........##.....
..#####...)....#.... ##....
....................###....
......(.##.................
........#..............###.
.........#..............#...
.........#....(.............
.........#..................
.........................##.


You could see a kobold.

Vanquished Creatures
  A bat (D:1)
  3 hobgoblins (D:1)
  2 kobolds (D:1)
  3 rats (D:1)
9 creatures vanquished.

Notes
Turn   | Place    | Note
-------+----------+-------------------------------------------
     0 | D:1      | H0rd4k the Octopode Transmuter began the quest for the Orb.
     0 | D:1      | Reached XP level 1. HP: 13/13 MP: 3/3
   178 | D:1      | Reached XP level 2. HP: 18/18 MP: 5/5
   182 | D:1      | Learned a level 2 spell: Sticks to Snakes
   300 | D:1      | Slain by a kobold

Illustrated notes

Levels and vault maps discovered:
D:1:      shiori_shiawase, layout_basic

Action                   || total
-------------------------++-------
Melee: Unarmed           ||    21
       Constrict         ||     6
       Tentacles         ||     1
 Stab: Sleeping          ||     2
Dodge: Dodged            ||     9
